 Dungeon Crawl Stone Soup version 0.31-a0-1025-g2e47921a08 (webtiles) character file.

Game seed: 13871300279008940509

9868 Maratek the Basher (level 11, -12/97 HPs)
             Began as a Minotaur Fighter on Nov 17, 2023.
             Was a Priest of Qazlal.
             Mangled by a very large slime creature (42 damage)
             ... on level 12 of the Dungeon.
             The game lasted 00:12:37 (9909 turns).

Maratek the Basher (Minotaur Fighter)               Turns: 9909, Time: 00:12:37

Health: -12/97     AC: 18    Str: 26    XL:     11   Next: 28%
Magic:  10/10      EV:  8    Int:  5    God:    Qazlal [***...]
Gold:   438        SH:  9    Dex: 13    Spells: 10/10 levels left

rFire   . . .        m - +7 flail of Causality {venom, *Noise Dex+4 SInv}
rCold   . . .        c - +0 buckler
rNeg    . . .        o - +2 plate armour
rPois   .            (helmet restricted)
rElec   .            (no cloak)
rCorr   .            x - +0 pair of gloves
SInv    +            (no boots)
Will    .....        (no amulet) Stlth
                     (no ring)
HPRegen 0.36/turn    (no ring)
MPRegen 0.12/turn

%: no passive effects
@: mighty, hasted, very quick
A: horns 2, retaliatory headbutt
a: Renounce Religion, Upheaval, Elemental Force


You were on level 12 of the Dungeon.
You worshipped Qazlal.
Qazlal was most pleased with you.
You visited 2 branches of the dungeon, and saw 13 of its levels.
You also visited: Sewer.

You collected 438 gold pieces.

Inventory:

Hand Weapons
 m - the +7 flail of Causality (weapon) {venom, *Noise Dex+4 SInv}
   (You found it on level 3 of the Dungeon)

   Dex+4:     It affects your dexterity (+4).
   SInv:      It lets you see invisible.
   *Noise:    It may make a loud noise when swung.
Missiles
 i - 2 throwing nets
Armour
 c - a +0 buckler (worn)
 o - a +2 plate armour (worn)
 x - a +0 pair of gloves (worn)
Wands
 p - a wand of digging (2)
 u - a wand of charming (8)
 B - a wand of roots (3)
Scrolls
 k - 6 scrolls of teleportation
 q - a scroll of poison
 s - 3 scrolls of amnesia
 w - a scroll of immolation
 y - 3 scrolls of revelation {unknown}
 z - a scroll of identify
 A - a scroll of blinking {unknown}
Potions
 a - 5 potions of curing
 d - a potion of might
 e - a potion of attraction
 g - 4 potions of enlightenment
 h - 3 potions of brilliance
 j - a potion of ambrosia
 l - 2 potions of degeneration
 n - 3 potions of mutation
 r - a potion of invisibility {unknown}
 t - 2 potions of cancellation {unknown}


   Skills:
 + Level 9.2 Fighting
 + Level 12.3 Maces & Flails
 + Level 5.6 Polearms
 + Level 11.5 Armour
 + Level 3.1 Dodging
 + Level 1.0 Stealth
 + Level 8.9 Shields


You had 10 spell levels left.
You didn't know any spells.
Your spell library contained the following spells:

 Spells                   Type           Power      Damage    Failure   Level
 Kiss of Death            Conj/Necr      0%         2d5       99%         1
 Necrotise                Necr           0%         1d4       99%         1
 Wereblood                Tmut           0%         N/A       100%        2
 Confusing Touch          Hex            0%         N/A       100%        3
 Hailstorm                Conj/Ice       0%         3d3       100%        3
 Vampiric Draining        Necr           0%         2d6       100%        3
 Dispel Undead            Necr           0%         3d6       100%        4
 Summon Ice Beast         Ice/Summ       0%         N/A       100%        4
 Agony                    Necr           0%         N/A       100%        5
 Irradiate                Conj/Tmut      0%         3d11      100%        5
 Simulacrum               Ice/Necr       0%         N/A       100%        6


Dungeon Overview and Level Annotations

Branches:
Dungeon (13/15)            Temple (1/1) D:5             Orc (0/2) D:9
  Sewer (visited)
   Lair: D:8-11      Vaults: D:13-14

Altars:
Ashenzari
Cheibriados
Dithmenos
Elyvilon
Fedhas
Gozag
Hepliaklqana
Kikubaaqudgha
Makhleb
Nemelex Xobeh
Okawaru
Qazlal
Ru
Sif Muna
Trog
Uskayaw
Vehumet
Wu Jian
Xom
Yredelemnul
Zin
The Shining One

Shops:
D:5 :   D:6 *:=

Annotations:
D:10 1 runed translucent door, Nico3ck's ghost, novice VSFi


Innate Abilities, Weirdness & Mutations

You have a pair of horns on your head.
You reflexively headbutt those who attack you in melee.


Message History

You are too injured to fight recklessly!
You are too injured to fight recklessly!
You are too injured to fight recklessly!
You are too injured to fight recklessly!
You are too injured to fight recklessly!
You are too injured to fight recklessly!
You are too injured to fight recklessly!
You are too injured to fight recklessly!
You are too injured to fight recklessly!
You are too injured to fight recklessly!
Unknown command.
You are too injured to fight recklessly!
Unknown command.
You are too injured to fight recklessly!
Unknown command.
You are too injured to fight recklessly!
Unknown command.
You are too injured to fight recklessly!
You feel yourself speed up.
You block the very large slime creature's attack.
You feel very mighty all of a sudden.
You bludgeon the very large slime creature!!
You headbutt the very large slime creature!!
The very large slime creature is almost dead.
The very large slime creature hits you but does no damage.
You sock the very large slime creature!
You kill the very large slime creature!
Qazlal accepts your kill.
You block the very large slime creature's attack.
You sock the very large slime creature!
The very large slime creature is poisoned.
The very large slime creature is lightly wounded.
The very large slime creature closely misses you.
You sock the very large slime creature!
The very large slime creature looks as sick as possible!
The very large slime creature is lightly wounded.
You sock the very large slime creature!
The very large slime creature is moderately wounded.
The very large slime creature hits you!!!
You die...

#####...#.......
#...#.....#
#######...#...# ..
#.....'.......#....
###.###...#........
#.# #...#.#......
#^# #...#.# #...#
#.# #...#.# ... #.#
#####@# .. #.# #J#
#.# #T# #.# ... ...
..... ..... .......


You could see a very large slime creature (extremely poisoned) and a troll.

Vanquished Creatures
  A hydra (D:13)
  A two-headed ogre (D:13)
  A slime creature (D:12)
  An arcanist (D:13)
  Pikel (D:8)
  An ugly thing (D:13)
  A cyclops (D:10)
  A manticore (D:13)
  An unseen horror (D:12)
  3 trolls (D:13)
  Grinder (D:4)
  2 shadows (D:10)
  2 wraiths
  A steam dragon (D:7)
  2 vampire mosquitoes (D:13)
  An acid dragon (D:13)
  4 water moccasins
  6 orc warriors
  A black bear (D:6)
  3 ice beasts
  2 sky beasts
  4 centaurs
  A lemure (D:8)
  A bullfrog (D:8)
  4 scorpions
  8 wights (D:9)
  3 howler monkeys
  A jelly (D:5)
  2 hounds
  3 gnoll boudas
  6 orc priests
  A sleepcap (D:4)
  Jessica (D:3)
  Terence (D:3)
  2 iguanas (D:6)
  11 orc wizards
  Natasha (thrice) (D:2)
  19 gnolls
  6 adders
  4 river rats (Sewer)
  A white imp (D:7)
  2 ufetubi (D:5)
  A worm (D:4)
  2 dart slugs
  40 orcs
  7 endoplasms
  6 giant cockroaches
  4 goblins
  4 hobgoblins
  3 jackals (D:1)
  5 kobolds
  2 quokkas
  7 ball pythons
  7 bats
  13 frilled lizards
  9 rats
231 creatures vanquished.

Notes
Turn   | Place    | Note
-------+----------+-------------------------------------------
     0 | D:1      | Maratek the Minotaur Fighter began the quest for the Orb.
     0 | D:1      | Reached XP level 1. HP: 19/19 MP: 0/0
   191 | D:1      | Reached XP level 2. HP: 21/27 MP: 1/1
   527 | D:1      | Reached XP level 3. HP: 33/33 MP: 2/2
  1044 | D:2      | Noticed Natasha
  1055 | D:2      | Killed Natasha
  1056 | D:2      | Reached XP level 4. HP: 7/41 MP: 3/3
  1332 | D:2      | Noticed Natasha
  1337 | D:2      | Killed Natasha
  1353 | D:2      | Noticed Natasha
  1359 | D:2      | Killed Natasha
  1468 | D:2      | Reached XP level 5. HP: 44/47 MP: 4/4
  1541 | D:3      | Noticed Terence
  1543 | D:3      | Killed Terence
  1544 | D:3      | Found a faded altar of an unknown god.
  1554 | D:3      | Identified the +7 flail of Causality {venom, *Noise Dex+4
                  | SInv}
  1653 | D:3      | Noticed Jessica
  1656 | D:3      | Killed Jessica
  1657 | D:3      | Reached skill level 5 in Armour
  2087 | D:3      | Identified the +2 leather armour of Kuusm {rC+}
  2100 | D:3      | Reached skill level 5 in Polearms
  2375 | D:4      | Reached skill level 1 in Maces & Flails
  2375 | D:4      | Reached XP level 6. HP: 53/53 MP: 5/5
  2403 | D:4      | Noticed Grinder
  2403 | D:4      | Paralysed by Grinder for 3 turns
  2412 | D:4      | Killed Grinder
  2413 | D:4      | Reached skill level 2 in Maces & Flails
  2419 | D:4      | Reached skill level 3 in Maces & Flails
  2668 | D:4      | Reached skill level 1 in Dodging
  2668 | D:4      | Reached XP level 7. HP: 53/60 MP: 6/6
  3050 | D:5      | Entered Level 5 of the Dungeon
  3182 | D:5      | Reached skill level 5 in Fighting
  3182 | D:5      | Reached skill level 4 in Maces & Flails
  3202 | D:5      | Reached skill level 5 in Maces & Flails
  3209 | D:5      | Found a glowing silver altar of Zin.
  3217 | D:5      | Reached XP level 8. HP: 52/68 MP: 7/7
  3303 | D:5      | Reached skill level 6 in Maces & Flails
  3309 | D:5      | Reached skill level 5 in Shields
  3405 | D:5      | Found a staircase to the Ecumenical Temple.
  3421 | Temple   | Entered the Ecumenical Temple
  3489 | Temple   | Became a worshipper of Qazlal Stormbringer
  3689 | D:5      | Found Safy's Self-Improvement Boutique.
  3938 | D:5      | Reached skill level 7 in Maces & Flails
  4099 | D:5      | Found a blossoming altar of Fedhas.
  4108 | D:5      | Found a snail-covered altar of Cheibriados.
  4472 | D:6      | Found Ijeanag's General Store.
  4602 | D:6      | Found a glowing drain.
  4612 | Sewer    | Entered a sewer
  5178 | D:6      | Reached * piety under Qazlal
  5267 | D:6      | Reached XP level 9. HP: 72/75 MP: 8/8
  5269 | D:6      | Reached skill level 8 in Maces & Flails
  5367 | D:6      | Found Ecreeti's Jewellery Boutique.
  5536 | D:6      | Found Puwkud's Book Boutique.
  6286 | D:8      | Noticed Pikel
  6295 | D:8      | Killed Pikel
  6296 | D:8      | Reached skill level 9 in Maces & Flails
  6527 | D:8      | Found a hide-covered altar of Uskayaw.
  6679 | D:8      | Found a sand-covered staircase.
  7721 | D:9      | Reached ** piety under Qazlal
  7818 | D:9      | Reached skill level 10 in Maces & Flails
  7827 | D:9      | Reached XP level 10. HP: 86/88 MP: 9/9
  7834 | D:9      | Found a staircase to the Orcish Mines.
  8501 | D:10     | Entered Level 10 of the Dungeon
  8912 | D:10     | Noticed a cyclops
  8922 | D:10     | Killed a cyclops
  8923 | D:10     | Reached skill level 11 in Maces & Flails
  8923 | D:10     | Reached skill level 10 in Armour
  9117 | D:10     | Found a runed translucent door.
  9117 | D:10     | Found a shimmering altar of Xom.
  9117 | D:10     | Noticed Nico3ck's ghost (novice VSFi)
  9117 | D:10     | You fall into a shaft and drop 3 floors!
  9138 | D:13     | Noticed a manticore
  9147 | D:13     | Killed a manticore
  9378 | D:13     | Noticed a white ugly thing
  9386 | D:13     | Killed a white ugly thing
  9555 | D:13     | Noticed an eight-headed hydra
  9562 | D:13     | Noticed a two-headed ogre
  9567 | D:13     | Killed an eight-headed hydra
  9568 | D:13     | Reached XP level 11. HP: 66/95 MP: 10/10
  9575 | D:13     | Killed a two-headed ogre
  9576 | D:13     | Reached skill level 12 in Maces & Flails
  9591 | D:13     | Reached *** piety under Qazlal
  9715 | D:13     | Noticed an arcanist
  9721 | D:13     | Killed an arcanist
  9722 | D:13     | Reached skill level 1 in Stealth
  9909 | D:12     | Mangled by a very large slime creature

Illustrated notes

Levels and vault maps discovered:
D:1:      nagdon_arrival_double_spiral, layout_loops_ring
D:2:      layout_loops_ring, minmay_fountain_box, uniq_natasha
D:3:      layout_basic, dreamdust_ecumenical_altar_grove,
          grunt_decor_mini_mirrors, uniq_jessica, uniq_terence
D:4:      layout_cave_pools, grunt_ministairs_11, uniq_grinder
D:5:      layout_basic, mainiacjoe_overflow_surrounded_room,
          mainiacjoe_overflow_swirl, minmay_temple_entry_junction_2,
          nicolae_shop_self_help
D:6:      layout_cave_pools, serial_shops, shop,
          nicolae_shop_just_a_little_nook, nicolae_shop_getting_attention,
          mainiacjoe_sewer_entry_somewhere_in_here_1
D:7:      layout_layer_cave, serial_library_hellmonk_hallway_b,
          nicolae_figureground_pulse
D:8:      layout_layer_cave, eat_drink_and_be_merry_uskayaw,
          chequers_ossuary_entry_cave, hangedman_abyss_or_decor_clamps,
          uniq_pikel
D:9:      layout_loops_ring, minmay_orc_entry_temple_small
D:10:     layout_stronghold, ebering_ghost_xom
D:12:     layout_basic, serial_bayou_pond_b
D:13:     layout_basic
Temple:   compressed_dpeg_circular_temple

Skill      XL: |  1  2  3  4  5  6  7  8  9 10 11 |
---------------+----------------------------------+-----
Shields        | 4 6 8 |  8.9
Armour         | 4 5 6 7 8 9 10 11 | 11.5
Fighting       | 4 5 6 7 8 9 |  9.2
Polearms       | 3 4 5 |  5.6
Maces & Flails | 1 3 5 7 10 11 12 | 12.3
Dodging        | 1 2 3 |  3.1
Stealth        | 1 |  1.0

Action                     |  1- 3 |  4- 6 |  7- 9 | 10-12 || total
---------------------------+-------+-------+-------+-------++-------
  Melee: Trident           |    86 |    43 |       |       ||   129
         Headbutt          |     8 |     8 |    43 |    28 ||    87
         Flail             |       |    47 |   258 |   148 ||   453
    Use: Scroll            |     2 |     6 |    13 |     1 ||    22
         Potion            |       |       |     2 |     7 ||     9
 Armour: Scale mail        |    29 |    27 |       |       ||    56
         Plate armour      |       |    33 |   171 |   126 ||   330
         Skin              |       |       |       |    17 ||    17
  Dodge: Dodged            |    24 |    32 |    66 |    37 ||   159
  Block: Buckler           |    14 |    18 |    81 |    89 ||   202

Table legend: (Time is in decaauts)
 A = Elapsed time spent in this place.
 B = Non-inter-level travel time spent in this place.
 C = Inter-level travel time spent in this place.
 D = Time resting spent in this place.
 E = Time spent auto-exploring this place.
 F = Levels seen in this place.
 G = Mean time per level.
                   A        B        C        D        E       F      G
               +--------+--------+--------+--------+--------+-----+--------+
         Total |  10000 |   9643 |    357 |    933 |   7187 |  14 |  714.3 |
       Dungeon |   9290 |   8933 |    357 |    715 |   6926 |  12 |  774.2 |
        Temple |     98 |     98 |      0 |      0 |      0 |   1 |   98.0 |
         Sewer |    611 |    611 |      0 |    218 |    261 |   1 |  611.0 |
               +--------+--------+--------+--------+--------+-----+--------+

Top non-repeatable levels by time:
     D:8: 1415 daAuts
     D:5: 1332 daAuts
     D:3: 968 daAuts
     D:2: 796 daAuts
     D:9: 794 daAuts
     D:1: 764 daAuts
     D:7: 635 daAuts
     D:6: 631 daAuts
    D:13: 623 daAuts
    D:10: 613 daAuts
   Sewer: 611 daAuts
     D:4: 575 daAuts
    D:12: 138 daAuts
  Temple: 98 daAuts
